 Dungeon Crawl Stone Soup version 0.29-a0-284-gf9362112df (webtiles) character file.

Game seed: 8550108688447301828

1378 mistaj the Skirmisher (level 8, 0/37 (44) HPs)
             Began as a Vine Stalker Monk on Mar 23, 2022.
             Was a Believer of Makhleb.
             Slain by a wight
             ... wielding a +6 morningstar of freezing
              (1 damage)
             ... on level 6 of the Dungeon.
             The game lasted 00:11:08 (7182 turns).

mistaj the Skirmisher (Vine Stalker Monk)           Turns: 7182, Time: 00:11:09

HP:   0/37 (44)     AC: 18    Str: 22    XL:     8   Next: 66%
MP:   0/17          EV:  7    Int: 10    God:    Makhleb [**....]
Gold: 321           SH:  5    Dex: 17    Spells: 18/18 levels left

rFire   . . .      SeeInvis .   w - +4 short sword
rCold   + . .      Faith    .   (no shield)
rNeg    . . .      Spirit   +   q - +1 plate armour {rC+}
rPois   .          Reflect  +   t - +0 helmet
rElec   .          Harm     .   (no cloak)
rCorr   .          Rampage  .   m - +1 pair of gloves
Will    +....                   (no boots)
Stlth   ..........              g - amulet of reflection
HPRegen 0.92/turn               u - +4 ring of protection
MPRegen 0.15/turn               r - +6 ring of strength

@: heavily drained
A: fangs 3, regeneration 1, magic shield, antimagic bite, no potion heal 2
a: Renounce Religion, Minor Destruction


You were on level 6 of the Dungeon.
You worshipped Makhleb.
Makhleb was pleased with you.
You visited 2 branches of the dungeon, and saw 7 of its levels.

You collected 321 gold pieces.

Inventory:

Hand Weapons
 w - a +4 short sword (weapon)
Armour
 m - a +1 pair of gloves (worn)
 q - a +1 plate armour of cold resistance (worn)
 t - a +0 helmet (worn)
Jewellery
 g - an amulet of reflection (around neck)
 r - a +6 ring of strength (right hand)
 u - a +4 ring of protection (left hand)
Wands
 a - a wand of polymorph (11)
Scrolls
 e - a scroll of teleportation
 h - 2 scrolls of fog
Potions
 b - a potion of magic {unknown}
 c - 3 potions of ambrosia
 d - a potion of heal wounds {unknown}
 f - a potion of brilliance {unknown}
 i - a potion of berserk rage
 k - 2 potions of curing
 l - a potion of lignification
 n - a potion of flight
 o - a potion of attraction
 s - 2 potions of invisibility


   Skills:
 + Level 6.1 Fighting
 + Level 6.0 Short Blades
 - Level 2.4 Dodging
 - Level 2.4 Stealth
 + Level 5.8 Spellcasting


You had 18 spell levels left.
You didn't know any spells.
Your spell library contained the following spells:

 Spells                   Type           Power      Damage    Failure   Level
 Shock                    Conj/Air       8%         1d3       99%         1
 Corpse Rot               Necr/Air       4%         N/A       100%        2
 Poisonous Vapours        Pois/Air       4%         N/A       100%        2
 Conjure Flame            Conj/Fire      2%         6-21      100%        3
 Ignite Poison            Fire/Tmut/Pois 2%         N/A       100%        3
 Sticky Flame             Conj/Fire      2%         2d3       100%        4


Dungeon Overview and Level Annotations

Branches:
Dungeon (6/15)             Temple (1/1) D:4

Altars:
Ashenzari
Cheibriados
Gozag
Kikubaaqudgha
Makhleb
Nemelex Xobeh
Qazlal
Trog
Uskayaw
Vehumet
Wu Jian
Xom
Yredelemnul
Zin
The Shining One
Lugonu

Shops:
D:2 =   D:3 (

Annotations:
D:3 3 runed translucent doors, almond's ghost, amateur DjFE


Innate Abilities, Weirdness & Mutations

You have razor-sharp teeth.
Your natural rate of healing is unusually fast.
When hurt, damage is shared between your health and your magic reserves.
Your bite disrupts and absorbs the magic of your enemies.
Potions cannot restore your health.


Message History

The wight hits you from afar with a +4 spear.
You puncture the wight!
You destroy the wight!
Makhleb accepts your kill.
You feel better. You block the wight's attack.
A wight comes into view.
It is wielding a +6 morningstar of freezing.
The wight hits you but does no damage.
Things that are here:
a +0 great sword; a +0 robe You hit the wight but do no damage.
You punch the wight, but do no damage. You bite the wight. You drain its power.
You feel invigorated.
The wight is moderately damaged.
The wight attacks as you move away! The wight barely misses you. x2
The wight hits you with a +6 morningstar of freezing!
You feel drained. You block the wight's attack.
You hit the wight but do no damage. The wight closely misses you.
The wight hits you but does no damage.
You barely miss the wight. You punch the wight, but do no damage.
You block the wight's attack.
The wight hits you from afar with a +4 spear!
You barely miss the wight. Your bite misses the wight.
The wight hits you with a +6 morningstar of freezing.
You block the wight's attack.
You puncture the wight! You bite the wight. You drain its power.
You feel invigorated.
The wight is severely damaged.
The wight hits you with a +6 morningstar of freezing!
You feel drained.
* * * LOW HITPOINT WARNING * * *
The wight freezes you.
* * * LOW HITPOINT WARNING * * *
The wight hits you from afar with a +4 spear.
* * * LOW HITPOINT WARNING * * *
You feel drained.
* * * LOW HITPOINT WARNING * * *
The wight attacks as you move away!
The wight hits you with a +6 morningstar of freezing!
* * * LOW HITPOINT WARNING * * *
You feel drained.
You die...

#...........######.#.......#
#...........# #.#########
#..........># #.#
#.........### #.#
#.........# #.# #>........#
###.# #.........# #...#
#...(.....# #.###
########### #@# ########z#
#...z.##z# *,**#)##.#
******,* #....# *,,,,,,*
###### *,***,,* *,* *,,****
*<***,,,,,*


You could see 2 wights.

Vanquished Creatures
  A steam dragon (D:6)
  A water moccasin (D:5)
  An ice beast (D:6)
  3 phantoms (D:6)
  A bullfrog (D:6)
  A scorpion (D:4)
  5 wights
  A jelly (D:4)
  2 orc priests
  A gnoll shaman (D:6)
  Terence (D:2)
  An iguana (D:4)
  2 orc wizards
  5 gnolls (D:6)
  7 adders
  2 ufetubi
  A worm (D:5)
  7 dart slugs
  7 orcs
  4 bats
  7 endoplasms
  5 giant cockroaches
  10 goblins
  12 hobgoblins
  7 jackals
  3 quokkas
  A ball python (D:3)
  3 frilled lizards
  6 kobolds
  6 rats
114 creatures vanquished.

Vanquished Creatures (others)
  A plant (D:2)
1 creature vanquished.

Grand Total: 115 creatures vanquished

Notes
Turn   | Place    | Note
-------+----------+-------------------------------------------
     0 | D:1      | mistaj the Vine Stalker Monk began the quest for the Orb.
     0 | D:1      | Reached XP level 1. HP: 11/11 MP: 2/2
   572 | D:1      | Reached XP level 2. HP: 4/16 MP: 1/4
  1114 | D:1      | Reached skill level 1 in Spellcasting
  1805 | D:1      | Reached XP level 3. HP: 20/20 MP: 5/5
  2285 | D:2      | Identified the +3 chain mail of the Camelopard {Dex+5}
  2583 | D:1      | Gained mutation: Your natural rate of healing is unusually
                  | fast. [Vine Stalker growth]
  2583 | D:1      | Reached XP level 4. HP: 24/24 MP: 7/7
  2671 | D:2      | Reached XP level 5. HP: 28/28 MP: 9/9
  2775 | D:2      | Found a faded altar of an unknown god.
  2783 | D:2      | Got Plato's Reference Book on Weightlessness
  2819 | D:2      | Found Pemi's Jewellery Emporium.
  2995 | D:2      | Noticed Terence
  3397 | D:3      | Found a runed translucent gate.
  3397 | D:3      | Found a runed translucent gate.
  3397 | D:3      | Found a runed translucent gate.
  3399 | D:3      | Noticed almond's ghost (amateur DjFE)
  3489 | D:3      | Found a shimmering altar of Xom.
  3526 | D:3      | Found Wilaolia's Weapon Boutique.
  3846 | D:2      | Reached XP level 6. HP: 25/33 MP: 6/11
  4265 | D:4      | Found a burning altar of Makhleb.
  4268 | D:4      | Found a glowing silver altar of Zin.
  4269 | D:4      | Noticed an Executioner
  4269 | D:4      | Noticed an angel
  4277 | D:4      | Became a worshipper of Makhleb the Destroyer
  4277 | D:4      | Reached * piety under Makhleb
  4277 | D:4      | Reached ** piety under Makhleb
  4442 | D:4      | Reached XP level 7. HP: 9/38 MP: 7/13
  4619 | D:4      | Found a staircase to the Ecumenical Temple.
  4628 | Temple   | Entered the Ecumenical Temple
  4854 | D:4      | Found an ornate altar of the Wu Jian Council.
  5473 | D:2      | Killed Terence
  5538 | D:5      | Entered Level 5 of the Dungeon
  5847 | D:5      | Found a glowing golden altar of the Shining One.
  6157 | D:5      | Reached skill level 5 in Fighting
  6157 | D:5      | Reached skill level 5 in Short Blades
  6310 | D:5      | Found a snail-covered altar of Cheibriados.
  6463 | D:6      | Gained mutation: You have razor-sharp teeth. [Vine Stalker
                  | growth]
  6463 | D:6      | Reached XP level 8. HP: 40/43 MP: 14/16
  6483 | D:6      | Reached skill level 5 in Spellcasting
  7182 | D:6      | HP: 1/38 [wight/+6 morningstar of freezing (5)]
  7182 | D:6      | Slain by a wight

Illustrated notes

Levels and vault maps discovered:
D:1:      amcnicky_arrival_blooded_trapdoor, layout_loops_corners
D:2:      cheibrodos_greedy_goblins, layout_loops_ring,
          shapermc_ecumenical_altar_rom_forum, serial_shops,
          nicolae_square_shop, uniq_terence
D:3:      layout_loops_cross, mainiacjoe_overflow_paths, serial_shops,
          nicolae_shop_trees, ebering_ghost_rock_garden
D:4:      layout_loops_ring, old_standard_altar,
          grunt_temple_overflow_order_and_chaos_2, minmay_temple_entry_mist
D:5:      layout_loops_ring, slow_altar_2, mainiacjoe_overflow_24_doors,
          serial_rivers, chequers_serial_rivers_small_b,
          chequers_serial_rivers_micro_a, chequers_serial_rivers_small_3,
          chequers_serial_rivers_small_a, st_stairs_13, sigmund_army
D:6:      layout_basic
Temple:   corrupted_temple

Skill      XL: |  1  2  3  4  5  6  7  8 |
---------------+-------------------------+-----
Spellcasting   | 1 2 3 4 5 |  5.8
Fighting       | 3 4 5 6 |  6.1
Short Blades   | 3 4 5 6 |  6.0
Dodging        | |  2.4
Stealth        | |  2.4

Action                   |  1- 3 |  4- 6 |  7- 9 || total
-------------------------+-------+-------+-------++-------
Melee: Short sword       |   106 |       |    91 ||   197
       Bite              |    33 |    38 |    66 ||   137
       Punch             |     1 |     3 |     8 ||    12
       Dagger            |       |   148 |   135 ||   283
  Use: Scroll            |       |       |    13 ||    13
 Stab: Sleeping          |     3 |       |       ||     3
Armor: Robe              |    14 |       |       ||    14
       Chain mail        |     8 |    54 |    13 ||    75
       Plate armour      |       |       |    82 ||    82
Dodge: Dodged            |    63 |    44 |    53 ||   160
Block: Other             |    11 |    29 |    36 ||    76
       Reflection        |     1 |     1 |       ||     2

Table legend: (Time is in decaauts)
 A = Elapsed time spent in this place.
 B = Non-inter-level travel time spent in this place.
 C = Inter-level travel time spent in this place.
 D = Time resting spent in this place.
 E = Time spent auto-exploring this place.
 F = Levels seen in this place.
 G = Mean time per level.
                   A        B        C        D        E       F      G
               +--------+--------+--------+--------+--------+-----+--------+
         Total |   7123 |   6888 |    235 |   2347 |   3005 |   7 | 1017.6 |
       Dungeon |   7082 |   6847 |    235 |   2347 |   2988 |   6 | 1180.3 |
        Temple |     41 |     41 |      0 |      0 |     17 |   1 |   41.0 |
               +--------+--------+--------+--------+--------+-----+--------+

Top non-repeatable levels by time:
     D:1: 2370 daAuts
     D:2: 1249 daAuts
     D:4: 1083 daAuts
     D:3: 821 daAuts
     D:5: 790 daAuts
     D:6: 766 daAuts
  Temple: 41 daAuts
